 Dungeon Crawl Stone Soup version 0.18-a0-19-g8b99b3a (webtiles) character file.

1171 glosham the Cleaver (level 8, -3/62 HPs)
             Began as a Demonspawn Chaos Knight on Nov 1, 2015.
             Slain by an iron imp (8 damage)
             ... summoned by the player character
             ... on level 4 of the Dungeon.
             The game lasted 00:45:45 (2333 turns).

glosham the Cleaver (Demonspawn Chaos Knight)       Turns: 2333, Time: 00:45:45

Health: -3/62      AC: 16    Str: 14    XL:     8   Next: 18%
Magic:  8/8        EV: 15    Int: 14    God:    Xom [..*...]
Gold:   174        SH:  0    Dex: 19    Spells: 0 memorised, 7 levels left

rFire  . . .     SeeInvis .     b - +0 mace (protect)
rCold  . . .     Clarity  .     X - +3 leather armour
rNeg   . . .     SustAt   .     (no shield)
rPois  .         Gourm    .     (no helmet)
rElec  .         Spirit   .     Y - +1 cloak
rCorr  .         Warding  .     (no gloves)
rMut   .         Stasis   .     (no boots)
MR     .....                    (no amulet)
Stlth  +.........               (no ring)
                                A - +6 ring of dexterity

@: lethally poisoned (-3 -> -12), not resistant to hostile enchantments, very
unstealthy
A: hooves 1, rugged brown scales 3, demonic guardian 1
a: Renounce Religion


You were on level 4 of the Dungeon.
You worshipped Xom.
You were a toy of Xom.
You were near starving.

You visited 1 branch of the dungeon, and saw 4 of its levels.

You collected 174 gold pieces.

Inventory:

Hand Weapons
 a - a +0 hand axe of chaos
 b - a +0 mace of protection (weapon)
 c - a +0 spear
 d - a +0 war axe
 e - a +2 quarterstaff of chaos
Missiles
 m - a throwing net (quivered)
 r - 11 poisoned sling bullets
 s - 7 needles of frenzy
Armour
 X - a +3 leather armour (worn)
 Y - a +1 cloak (worn)
Jewellery
 A - a +6 ring of dexterity (left hand)
 C - an uncursed ring of ice
Scrolls
 t - a scroll of blinking
Potions
 f - 2 potions of haste
 n - a potion of heal wounds
 o - a potion of berserk rage {!q}
 p - a potion of agility
Comestibles
 g - 4 meat rations
 h - a beef jerky
 i - 2 bread rations
 k - 6 fruits
 q - a royal jelly
 u - 2 chunks of flesh


   Skills:
 - Level 3.0 Fighting
 * Level 8.2 Axes
 - Level 1.7 Armour
 + Level 4.4 Dodging


You had 7 spell levels left.
You didn't know any spells.

Dungeon Overview and Level Annotations

Branches:
Dungeon (4/15)
 Temple: D:4-7

Altars:
Ashenzari
Fedhas
Kikubaaqudgha
Okawaru
Yredelemnul

Annotations:
D:4 Natasha


Innate Abilities, Weirdness & Mutations

You have large cloven feet.
You are completely covered in rugged brown scales (AC +3, +7% HP).
A weak demonic guardian rushes to your aid.


Message History

Something hits you but does no damage.
You are more poisoned.
You barely miss the iron imp.
The iron imp is heavily wounded.
You feel sick.
The iron imp hits you but does no damage.
Something barely misses you.
You hit the iron imp but do no damage.
The iron imp is heavily wounded.
You feel sick. Something hits you but does no damage.
You are more poisoned.
The iron imp misses you.
You closely miss the iron imp.
You kick the iron imp, but do no damage.
The iron imp is heavily wounded.
You feel sick.
You hear some strange, mumbled words.
Something tries to affect you, but you resist.
The iron imp misses you.
You hit something. Your kick misses something.
You feel sick. Something hits you but does no damage.
You hit something. You kick something.
You feel sick. The iron imp closely misses you.
You hear some strange, mumbled words.
A puff of flame appears from out of thin air!
The puff of flame hits you!
* * * LOW HITPOINT WARNING * * *
You sock something! You kick something.
* * * LOW HITPOINT WARNING * * *
You feel sick. Something hits you.
* * * LOW HITPOINT WARNING * * *
The iron imp completely misses you. Something hits you.
* * * LOW HITPOINT WARNING * * *
Drink which item? (? for menu, Esc to quit)
Okay, then.
You closely miss something. You kick something.
You are near starving!
* * * LOW HITPOINT WARNING * * *
You feel sick. The iron imp hits you!
You die...

#.. #.# #....### a #.#
#...†..# #..... #.#
#......# ##.#..# #.#
##.....####
.#.#..#####.###.....(...###
......##..................#
.#.#...............#......#
##.##..........#5{........#
##.##.#.........@#........#
##.##.#............##.....#
.................####.....#
#.###..#...).............##
..###)####..##..#####...###
####..#....)....#
##......#######
###.....##..##.##
#..##..........
#.....##...###..#
#.###>.........
(.....#....# ##.# #.#
#..........


You could see an iron imp.

Vanquished Creatures
  Pikel (D:4)
  Grinder (D:4)
  A slave (D:4)
  A phantom (D:4)
  2 ogres (D:4)
  A black bear (D:4)
  A scorpion (D:4)
  Crazy Yiuf (D:3)
  A worker ant (D:4)
  Natasha (D:4)
  A hound skeleton (D:4)
  3 adders
  2 oozes
  An adder skeleton (D:3)
  A giant gecko (D:2)
  10 orcs
  3 ball pythons
  8 bats
  2 gnoll zombies (D:2)
  6 hobgoblins
  3 jackals (D:1)
  2 quokkas
  4 giant cockroaches
  6 giant newts
  5 goblins
  12 kobolds
  5 rats
85 creatures vanquished.

Vanquished Creatures (collateral kills)
  2 slaves (D:4)
  A scorpion (D:4)
  A hound (D:4)
  Ijyb (D:3)
5 creatures vanquished.

Vanquished Creatures (others)
  A slave (D:4)
  An orc priest (D:4)
  A worker ant (D:4)
  An adder skeleton (D:4)
  A kobold (D:2)
5 creatures vanquished.

Grand Total: 95 creatures vanquished

Notes
Turn   | Place    | Note
--------------------------------------------------------------
     0 | D:1      | glosham the Demonspawn Chaos Knight began the quest for the Orb.
     0 | D:1      | Reached XP level 1. HP: 18/18 MP: 1/1
    41 | D:1      | XOM: harmless Summ miscast
   145 | D:1      | Reached skill level 3 in Axes
   146 | D:1      | Gained mutation: You are partially covered in rugged brown scales (AC +1, +3% HP). [demonic ancestry]
   146 | D:1      | Reached XP level 2. HP: 16/24 MP: 2/2
   281 | D:1      | XOM: swap monsters
   411 | D:1      | XOM: silly message
   457 | D:2      | Found a shattered altar of Ashenzari.
   466 | D:2      | Found an iron altar of Okawaru.
   489 | D:2      | Gained mutation: A weak demonic guardian rushes to your aid. [demonic ancestry]
   489 | D:2      | Reached XP level 3. HP: 24/29 MP: 3/3
   570 | D:2      | XOM: fake destruction
   579 | D:2      | Reached skill level 4 in Axes
   660 | D:3      | XOM: 1-stop teleportation journey
   810 | D:3      | Noticed Ijyb
   819 | D:3      | Killed Ijyb
   819 | D:3      | Gained mutation: You have large cloven feet. [demonic ancestry]
   819 | D:3      | Reached XP level 4. HP: 7/36 MP: 4/4
   840 | D:3      | XOM: god gift: meat ration
   933 | D:3      | XOM: swap monsters
   977 | D:3      | Reached skill level 1 in Dodging
   999 | D:3      | XOM: destruction
  1032 | D:3      | Found an ancient bone altar of Kikubaaqudgha.
  1319 | D:2      | Found a basalt altar of Yredelemnul.
  1531 | D:2      | XOM: divination: detect creatures
  1541 | D:2      | Found a blossoming altar of Fedhas.
  1729 | D:3      | XOM: silly message
  1744 | D:3      | Noticed Crazy Yiuf
  1749 | D:3      | Killed Crazy Yiuf
  1749 | D:3      | Reached skill level 5 in Axes
  1749 | D:3      | Gained mutation: You are mostly covered in rugged brown scales (AC +2, +5% HP). [demonic ancestry]
  1749 | D:3      | Reached XP level 5. HP: 36/43 MP: 5/5
  1807 | D:4      | XOM: harmless Hex miscast
  1808 | D:4      | Noticed a slave
  1809 | D:4      | Noticed a slave
  1817 | D:4      | Noticed a slave
  1821 | D:4      | XOM: silly message
  1828 | D:4      | Killed a slave
  1835 | D:4      | Killed a slave
  1841 | D:4      | Killed a slave
  1844 | D:4      | Noticed Pikel
  1861 | D:4      | Killed Pikel
  1861 | D:4      | Reached skill level 6 in Axes
  1861 | D:4      | Reached skill level 3 in Dodging
  1861 | D:4      | Reached XP level 6. HP: 38/49 MP: 6/6
  1861 | D:4      | Gained mutation: You are completely covered in rugged brown scales (AC +3, +7% HP). [demonic ancestry]
  1861 | D:4      | Reached XP level 7. HP: 38/55 MP: 7/7
  1901 | D:4      | Noticed Natasha
  1914 | D:4      | Killed Natasha
  1964 | D:4      | Noticed Grinder
  1980 | D:4      | Killed Grinder
  1980 | D:4      | Reached skill level 7 in Axes
  2083 | D:4      | XOM: divination: detect creatures
  2085 | D:4      | XOM: cast spell 'Metabolic Englaciation'
  2095 | D:4      | Noticed Natasha
  2103 | D:4      | Reached skill level 4 in Dodging
  2190 | D:4      | XOM: noise
  2220 | D:4      | XOM: cast spell 'Cause Fear'
  2237 | D:4      | XOM: confuse monster(s)
  2243 | D:4      | HP: 5/55 [poisoned by a worker ant]
  2253 | D:4      | Reached XP level 8. HP: 15/62 MP: 8/8
  2264 | D:4      | Reached skill level 8 in Axes
  2332 | D:4      | HP: 6/62 [something (3)]
  2333 | D:4      | Slain by an iron imp

Vault maps used:
D:1:      lemuel_arrival_tunnels
D:2:      lemuel_zombie_altar_yredelemnul, grunt_temple_overflow_open,
          grunt_ministairs_5, minmay_hedge_maze, fedhas_altar_4
D:3:      lemuel_crystal_altar, minmay_strange_pillars, uniq_crazy_yiuf_cottage,
          uniq_iyjb
D:4:      uniq_natasha, uniq_pikel, uniq_grinder

Action                   |  1- 3 |  4- 6 |  7- 9 || total
-------------------------+-------+-------+-------++-------
Melee: Hand axe          |   140 |    90 |    55 ||   285
       Mace              |    12 |    52 |    65 ||   129
Throw: Throwing net      |       |     4 |       ||     4
  Use: Scroll            |     7 |     5 |     3 ||    15
       Potion            |       |     2 |     2 ||     4
 Stab: Paralysed         |     4 |     1 |     8 ||    13
       Sleeping          |     2 |       |       ||     2
       Confused          |     1 |     1 |       ||     2
       Distracted        |       |     1 |       ||     1
       Invisible         |       |       |     5 ||     5
       Petrifying        |       |       |     2 ||     2
       Petrified         |       |       |     1 ||     1
  Eat: Chunk             |       |     3 |     1 ||     4

Table legend:
 A = Turns spent in this place as a percentage of turns spent in the entire game.
 B = Non-inter-level travel turns spent in this place as a percentage of non-inter-level travel turns spent in the entire game.
 C = Inter-level travel turns spent in this place as a percentage of turns spent in this place.
 D = Turns resting spent in this place as a percentage of non-inter-level travel turns spent in this place.
 E = Turns spent auto-exploring this place as a percentage of non-inter-level travel turns spent in this place.
 F = Non-inter-level travel turns spent in this place divided by the number of levels of this place that you've seen.
                   A       B       C       D       E      F
               +-------+-------+-------+-------+-------+----------------------
         Total | 100.0 | 100.0 |   0.5 |   0.0 |   0.1 | 466.5
       Dungeon | 100.0 | 100.0 |   0.5 |   0.0 |   0.1 | 466.5
               +-------+-------+-------+-------+-------+----------------------

Table legend:
 A = Kills in this place as a percentage of kills in entire the game.
 B = Kills by you in this place as a percentage of kills by you in the entire game.
 C = Kills by friends in this place as a percentage of kills by friends in the entire game.
 D = Other kills in this place as a percentage of other kills in the entire game.
 E = Experience gained in this place as a percentage of experience gained in the entire game.
 F = Experience gained in this place divided by the number of levels of this place that you have seen.
                   A       B       C       D       E      F
               +-------+-------+-------+-------+-------+----------------------
         Total | 100.0 | 100.0 | 100.0 | 100.0 | 100.0 | 418.5
       Dungeon | 100.0 | 100.0 | 100.0 | 100.0 | 100.0 | 418.5
               +-------+-------+-------+-------+-------+----------------------

Vault maps used:
D:1:      lemuel_arrival_tunnels
D:2:      lemuel_zombie_altar_yredelemnul, grunt_temple_overflow_open,
          grunt_ministairs_5, minmay_hedge_maze, fedhas_altar_4
D:3:      lemuel_crystal_altar, minmay_strange_pillars, uniq_crazy_yiuf_cottage,
          uniq_iyjb
D:4:      uniq_natasha, uniq_pikel, uniq_grinder
